 Dungeon Crawl Stone Soup version 0.28-a0-1038-g9c4cb8273d (webtiles) character file.

Game seed: 893088956064887482

115 ytrimaz the Insei (level 5, -4/34 HPs)
             Began as an Octopode Transmuter on Dec 8, 2021.
             Was a Believer of Yredelemnul.
             Slain by a gnoll (9 damage)
             ... on level 3 of the Dungeon.
             The game lasted 00:02:49 (2908 turns).

ytrimaz the Insei (Octopode Transmuter)             Turns: 2908, Time: 00:02:50

Health: -4/34      AC:  2    Str:  8 (9)  XL:     5   Next: 0%
Magic:  1/9        EV: 19    Int: 17 (19) God:    Yredelemnul [**....]
Gold:   105        SH:  0    Dex: 17 (18) Spells: 5/9 levels left

rFire   . . .      SeeInvis .     - Unarmed
rCold   . . .      Faith    .   (shield currently unavailable)
rNeg    . . .      Spirit   .   (helmet currently unavailable)
rPois   x          Reflect  .   (no amulet)
rElec   .          Harm     .   (no ring)
rCorr   .          Rampage  .   (no ring)
Will    .....                   (no ring)
Stlth   ++........              (no ring)
HPRegen 0.11/turn               (no ring)
MPRegen 0.11/turn               (no ring)
                                (no ring)
                                (no ring)

@: mighty, spider-form
A: venomous fangs, almost no armour, (amphibious), 8 rings, tiny, (camouflage
1), (gelatinous body 1), (nimble swimmer 1), (tentacles), (tentacle spike 1),
clever 1
a: End Transformation, Renounce Religion, Animate Remains, Recall Undead Slaves,
Injury Mirror


You were on level 3 of the Dungeon.
You worshipped Yredelemnul.
Yredelemnul was pleased with you.
You were a venomous arachnid creature.
You visited 1 branch of the dungeon, and saw 3 of its levels.

You collected 105 gold pieces.

Inventory:

Scrolls
 b - a scroll of teleportation
 g - 2 scrolls of enchant armour
Potions
 c - a potion of degeneration
 e - a potion of brilliance {unknown}
 h - a potion of ambrosia {unknown}


   Skills:
 * Level 2.0 Fighting
 - Level 2.0 Dodging
 + Level 4.3 Unarmed Combat
 * Level 2.7 Spellcasting
 * Level 2.5 Transmutations


You had 5 spell levels left.
You knew the following spells:

 Your Spells              Type           Power      Damage    Failure   Level
a - Beastly Appendage     Tmut           20%        N/A       17%         1
b - Spider Form           Tmut/Pois      6%         N/A       54%         3

Your spell library contained the following spells:

 Spells                   Type           Power      Damage    Failure   Level
 Wereblood                Tmut           10%        N/A       24%         2
 Ice Form                 Ice/Tmut       6%         N/A       87%         4


Dungeon Overview and Level Annotations

Branches:
Dungeon (3/15)

Altars:
Yredelemnul

Shops:
D:1 *??=


Innate Abilities, Weirdness & Mutations

You are a venomous arachnid creature.
You have poisonous fangs.
You are tiny and dextrous.
Your spellcasting is less reliable in this form.
Your armour is entirely melded.
You are incapable of wielding weapons or throwing items.
You cannot wear most types of armour.
((You are amphibious.))
You can wear up to eight rings at the same time.
((Your skin changes colour to match your surroundings (Stealth+).))
((Your rubbery body absorbs attacks. (AC +1, EV +1)))
((You are camouflaged near water. (Stealth+)))
((You have tentacles for arms and can constrict up to eight enemies at once.))
((One of your tentacles bears a spike.))
Your mind is acute. (Int +2)


Message History

The quokka bites you.
* * * LOW HITPOINT WARNING * * *
It was a potion of mutation.
You feel extremely strange.
You feel less energetic.
You feel yourself wasting away.
You feel a strange attunement to the structure of the dungeons.
The quokka misses you.
Unknown command.
Really quaff the potion of mutation?
You feel extremely strange.
You feel slightly disoriented.
You feel healthier.
You feel more energetic.
One of your lower tentacles grows a sharp spike.
You feel clever. The gnoll closely misses you. The quokka barely misses you.
The quokka closely misses you.
It was a potion of curing.
You feel better. The quokka misses you.
Unknown command.
Your magical contamination has completely faded away.
The quokka bites you.
* * * LOW HITPOINT WARNING * * *
Okay, then.
It was a potion of might.
You feel very mighty all of a sudden. The quokka misses you.
The quokka barely misses you. The quokka barely misses you.
Casting: Spider Form (quite dangerous; 32% risk of failure)
Confirm with . or Enter, or press ? or * to list all spells.
The spell is quite dangerous to miscast (32% risk of failure)!
Continue anyway? [Y]es or [N]o only, please.
The spell is quite dangerous to miscast (32% risk of failure)!
Continue anyway?
You turn into a venomous arachnid creature.
The quokka bites you.
* * * LOW HITPOINT WARNING * * *
Unknown command.
You bite the quokka!
You kill the quokka!
Yredelemnul accepts your kill.
The gnoll hits you from afar with a +0 spear!
You die...
Your body rises from the dead as a mindless zombie.

######.####.#
####......#
#.##.######
,...#.# #.##.# #.#
#.##.# #.#* #.##.#
#.# #.##.# #.#
#s##.# #.###
#.##.# #....
#g##.#########..##
#S##..............
#.###########...##
#.g.S.g.g...#)..##
###########.#...##
#.....g. #.#...##


You could see a water moccasin and 2 gnolls.

Vanquished Creatures
  An orc wizard (D:3)
  2 adders
  A dart slug (D:1)
  5 orcs (D:3)
  7 bats
  9 endoplasms
  3 giant cockroaches (D:1)
  3 goblins (D:1)
  4 hobgoblins
  3 jackals (D:1)
  4 quokkas
  7 ball pythons
  A frilled lizard (D:2)
  4 kobolds
  8 rats
62 creatures vanquished.

Vanquished Creatures (collateral kills)
  A rat (D:2)
1 creature vanquished.

Grand Total: 63 creatures vanquished

Notes
Turn   | Place    | Note
-------+----------+-------------------------------------------
     0 | D:1      | ytrimaz the Octopode Transmuter began the quest for the
                  | Orb.
     0 | D:1      | Reached XP level 1. HP: 13/13 MP: 3/3
    29 | D:1      | Reached XP level 2. HP: 2/18 MP: 5/5
   288 | D:1      | Found Momm's Magic Scroll Emporium.
   309 | D:1      | Found a faded altar of an unknown god.
   336 | D:1      | Prayed at the altar of an unknown god.
   336 | D:1      | Became a worshipper of Yredelemnul the Dark
   336 | D:1      | Reached * piety under Yredelemnul
   593 | D:1      | Found Ustroxusk's Jewellery Emporium.
   755 | D:1      | Reached XP level 3. HP: 18/23 MP: 6/6
   768 | D:1      | Learned a level 3 spell: Spider Form
   964 | D:1      | Found Nogruept's Magic Scroll Boutique.
  1081 | D:1      | Found Idwuterho's General Store.
  1237 | D:1      | Reached ** piety under Yredelemnul
  1704 | D:2      | Reached XP level 4. HP: 28/28 MP: 7/7
  1928 | D:2      | Reached skill level 4 in Unarmed Combat
  2832 | D:3      | Reached XP level 5. HP: 34/34 MP: 5/9
  2869 | D:3      | Noticed a water moccasin
  2890 | D:3      | HP: 1/34 [quokka (3)]
  2892 | D:3      | Gained mutation: Your magical capacity is low. (-10% MP)
                  | [potion of mutation]
  2892 | D:3      | Gained mutation: Your body sometimes deteriorates upon
                  | taking damage. [potion of mutation]
  2892 | D:3      | Gained mutation: You passively map a small area around you.
                  | [potion of mutation]
  2893 | D:3      | Lost mutation: You passively map a small area around you.
                  | [potion of mutation]
  2893 | D:3      | Lost mutation: Your body sometimes deteriorates upon taking
                  | damage. [potion of mutation]
  2893 | D:3      | Lost mutation: Your magical capacity is low. (-10% MP)
                  | [potion of mutation]
  2893 | D:3      | Gained mutation: One of your tentacles bears a spike.
                  | [potion of mutation]
  2893 | D:3      | Gained mutation: Your mind is acute. (Int +2) [potion of
                  | mutation]
  2908 | D:3      | Slain by a gnoll

Illustrated notes

Levels and vault maps discovered:
D:1:      mrwooster_arrival_statue, layout_loops_ring,
          hellmonk_ecumenical_altar_blasted, serial_shops,
          nicolae_shop_behind_doors, nicolae_shop_advertising_works
          [nicolae_subvault_shop_adworks], shop_statue, shop_statue,
          minmay_misc_feat_five, minmay_misc_feat_alley,
          minmay_misc_feat_ornament, minmay_pentomino_w2
D:2:      layout_rooms, kennysheep_nondescript, wad_floor_pattern_2,
          minmay_misc_feat_rows, lemuel_another_geyser
D:3:      layout_loops_ring

Skill      XL: |  1  2  3  4 |
---------------+-------------+-----
Unarmed Combat | 4 |  4.3
Fighting       | 2 |  2.0
Dodging        | |  2.0
Spellcasting   | |  2.7
Transmutations | |  2.5

Action                   |  1- 3 |  4- 6 || total
-------------------------+-------+-------++-------
Melee: Unarmed           |   100 |    56 ||   156
       Constrict         |    28 |    11 ||    39
       Kick              |     2 |     5 ||     7
       Tentacles         |    13 |     6 ||    19
       Punch             |     1 |       ||     1
 Cast: Beastly Appendage |     1 |     2 ||     3
       Spider Form       |     1 |     2 ||     3
Invok: Animate Remains   |     1 |       ||     1
  Use: Scroll            |     3 |     3 ||     6
       Potion            |       |     5 ||     5
 Stab: Sleeping          |     5 |     4 ||     9
Armor: Skin              |    11 |     2 ||    13
Dodge: Dodged            |    74 |    38 ||   112

Table legend: (Time is in decaauts)
 A = Elapsed time spent in this place.
 B = Non-inter-level travel time spent in this place.
 C = Inter-level travel time spent in this place.
 D = Time resting spent in this place.
 E = Time spent auto-exploring this place.
 F = Levels seen in this place.
 G = Mean time per level.
                   A        B        C        D        E       F      G
               +--------+--------+--------+--------+--------+-----+--------+
         Total |   2896 |   2868 |     28 |    126 |   2304 |   3 |  965.3 |
       Dungeon |   2896 |   2868 |     28 |    126 |   2304 |   3 |  965.3 |
               +--------+--------+--------+--------+--------+-----+--------+

Top non-repeatable levels by time:
     D:1: 1479 daAuts
     D:2: 947 daAuts
     D:3: 469 daAuts
